AoeStats
← Hitokirivan

Arena

504876926Analyzed
1v1 RM · 27d ago on Sep 6, 2026· 37m 9s· 2 players
Game mode
Random Map
Map size
Tiny (2 player)
Population
200
Speed
Normal
Resources
Standard
Victory
Conquest
Starting age
Dark Age
Ending age
Imperial Age
RankedLock teamsTeams togetherTeam positionsShared explorationLock speedFull tech treeHidden civsTurbo modeCheats
Victory
Defeat
🇹🇷 Italians · Türkiye
1036
+16
🇵🇪 Persians · Peru
1034
-16
Hitokirivan
10:27 Feudal Age
11:52 Loom
14:53 Castle Age
13:04 Double-Bit Axe
15:57 Bow Saw
21:02 Fletching
21:01 Town Watch
22:33 Kamandaran
24:11 Crossbowman
26:41 Bodkin Arrow
27:28 Town Patrol
27:33 Padded Archer Armor
27:59 Murder Holes
29:16 Leather Archer Armor
29:46 Masonry
30:53 Horse Collar
32:31 Wheelbarrow
36:46 Imperial Age
34:43 Husbandry
36:02 Scale Barding Armor
36:08 Forging
37:26 Thumb Ring
ISEN BUGA
11:06 Feudal Age
14:42 Castle Age
14:04 Double-Bit Axe
13:59 Horse Collar
16:09 Bow Saw
21:56 Heavy Plow
24:35 Wheelbarrow
28:30 Imperial Age
28:37 Imperial Age
26:10 Fletching
27:51 Gold Mining
28:17 Bodkin Arrow
28:15 Stone Mining
28:43 Hand Cart
31:51 Scale Barding Armor
31:59 Forging
32:42 Bloodlines
32:32 Husbandry
31:53 Light Cavalry
32:38 Padded Archer Armor
34:28 Chemistry
33:40 Fortified Wall
33:41 Masonry
36:35 Bracer
36:50 Leather Archer Armor
Connection lost

Rejoining the realm…

Still unreachable

The connection could not be restored.

Session expired

The server has moved on; the page needs a fresh start.